 Dungeon Crawl Stone Soup version 0.19.1 (webtiles) character file.

90 Haldmier the Chopper (level 4, -6/37 HPs)
             Began as a Hill Orc Gladiator on Dec 5, 2016.
             Mangled by Grinder (10 damage)
             ... on level 3 of the Dungeon.
             The game lasted 00:05:04 (1838 turns).

Haldmier the Chopper (Hill Orc Gladiator)           Turns: 1838, Time: 00:05:04

Health: -6/37      AC:  4    Str: 18    XL:     4   Next: 56%
Magic:  4/4        EV: 12    Int:  8    God:
Gold:   145        SH:  0    Dex: 11    Spells: 0 memorised, 3 levels left

rFire  . . .     SeeInvis .     a - +0 war axe
rCold  . . .     Gourm    .     b - +0 leather armour
rNeg   . . .     Faith    .     (no shield)
rPois  .         Spirit   .     c - +0 helmet
rElec  .         Reflect  .     (no cloak)
rCorr  .         Harm     .     (no gloves)
MR     .....                    (no boots)
Stlth  +.........               (no amulet)
                                (no ring)
                                (no ring)

@: no status effects
A: no striking features
a: no special abilities


You were on level 3 of the Dungeon.
You were not hungry.

You visited 1 branch of the dungeon, and saw 3 of its levels.

You collected 145 gold pieces.

Inventory:

Hand Weapons
 a - a +0 war axe (weapon)
Missiles
 d - 3 throwing nets
 s - 10 tomahawks (quivered)
Armour
 b - a +0 leather armour (worn)
 c - a +0 helmet (worn)
Jewellery
 m - a cursed +2 ring of strength {unknown}
Scrolls
 e - a scroll of teleportation {unknown}
 h - 3 scrolls of remove curse {unknown}
 i - 6 scrolls of identify {unknown}
 k - 2 scrolls of random uselessness {unknown}
 n - a scroll of magic mapping {unknown}
 r - a scroll of enchant armour {unknown}
 v - a scroll of immolation {unknown}
Potions
 g - a potion of mutation {unknown}
 j - a potion of heal wounds {unknown}
 o - a potion of curing
 p - a potion of agility {unknown}
 t - a potion of might {unknown}
Comestibles
 f - 4 bread rations
 l - 2 meat rations
 q - 8 chunks of flesh
 u - a slice of pizza


   Skills:
 - Level 2.4 Fighting
 + Level 6.8 Axes
 - Level 1.7 Throwing
 - Level 2.4 Dodging


You had 3 spell levels left.
You didn't know any spells.

Dungeon Overview and Level Annotations

Branches:
Dungeon (3/15)

Altars:
Ru

Annotations:
D:3 Grinder


Message History

* * * LOW HITPOINT WARNING * * *
You take 9 damage, and have 9/37 hp.
MASSIVE DAMAGE!!
You closely miss Grinder. Grinder hits you.
* * * LOW HITPOINT WARNING * * *
You take 1 damage, and have 8/37 hp.
The hobgoblin shouts!
You slash Grinder!
Grinder is moderately wounded.
Grinder hits you but does no damage.
You slash Grinder!
Grinder is severely wounded.
Grinder hits you.
* * * LOW HITPOINT WARNING * * *
You writhe in agony.
* * * LOW HITPOINT WARNING * * *
You take 5 damage, and have 4/37 hp.
You barely miss Grinder.
Grinder is severely wounded.
Grinder hits you!
You die...

.#.#.##.#
#.......#
......#.#
#.......#
####....#
#.......#
........#
#.......#
#####.#(#
.........#
#.#.#
....######
..#.# ... #
#######.# #
....$..@# #
########5.'....
.##.g.. .( ..
.## .# .# .#


You could see Grinder and a hobgoblin.

Vanquished Creatures
  Jessica (D:2)
  An adder (D:2)
  3 worms (D:2)
  A dart slug (D:1)
  A leopard gecko (D:2)
  5 orcs
  3 giant cockroaches
  4 goblins
  6 hobgoblins
  A quokka (D:2)
  3 ball pythons
  3 bats
  2 frilled lizards (D:2)
  3 kobolds
  3 rats
40 creatures vanquished.

Notes
Turn   | Place    | Note
-------+----------+-------------------------------------------
     0 | D:1      | Haldmier the Hill Orc Gladiator began the quest for the Orb.
     0 | D:1      | Reached XP level 1. HP: 18/18 MP: 1/1
   404 | D:1      | Reached XP level 2. HP: 25/25 MP: 2/2
   790 | D:2      | Reached skill level 5 in Axes
  1077 | D:2      | Reached XP level 3. HP: 25/30 MP: 3/3
  1143 | D:2      | Found a sacrificial altar of Ru.
  1228 | D:2      | Noticed Jessica
  1239 | D:2      | Killed Jessica
  1239 | D:2      | Reached skill level 6 in Axes
  1258 | D:2      | Reached XP level 4. HP: 27/37 MP: 4/4
  1679 | D:3      | Noticed Grinder
  1838 | D:3      | Mangled by Grinder

Skill      XL: |  1  2  3 |
---------------+----------+-----
Axes           | 5 6 |  6.8
Fighting       | |  2.4
Throwing       | |  1.7
Dodging        | |  2.4

Action                   |  1- 3 |  4- 6 || total
-------------------------+-------+-------++-------
Melee: War axe           |    80 |    47 ||   127
Throw: Tomahawk          |       |     4 ||     4
  Eat: Chunk             |     1 |     2 ||     3
Armor: Leather armour    |    23 |    16 ||    39
Dodge: Dodged            |    45 |    29 ||    74
